 Dungeon Crawl Stone Soup version 0.24.0-123-gd5b16e6ec5 (webtiles) character file.

Game seed: 12147239096877346430, levelgen mode: deterministic

328 vurker the Cudgeler (level 6, 0/47 HPs)
             Began as a Gnoll Wanderer on Feb 1, 2020.
             Slain by an ogre
             ... wielding a +0 giant club
              (24 damage)
             ... on level 5 of the Dungeon.
             The game lasted 00:05:08 (3988 turns).

vurker the Cudgeler (Gnoll Wanderer)                Turns: 3988, Time: 00:05:08

Health: 0/47       AC:  9    Str: 14    XL:     6   Next: 50%
Magic:  14/14      EV:  7    Int: 16    God:
Gold:   129        SH:  0    Dex: 18    Spells: 15/15 levels left

rFire    + . .     SeeInvis .   d - +1 morningstar
rCold    + . .     Gourm    .   (no shield)
rNeg     . . .     Faith    .   o - +0 chain mail
rPois    .         Spirit   .   (no helmet)
rElec    .         Reflect  .   r - scarf {rC+ rF+}
rCorr    .         Harm     .   (no gloves)
MR       .....                  (no boots)
Stlth    ..........             c - amulet of magic regeneration
HPRegen  0.15/turn              w - +3 ring of dexterity
MPRegen  0.39/turn              (no ring)

@: no status effects
A: distributed training, fangs 1, strong nose
a: no special abilities


You were on level 5 of the Dungeon.
You were not hungry.

You visited 1 branch of the dungeon, and saw 5 of its levels.

You collected 129 gold pieces.

Inventory:

Hand Weapons
 d - a +1 morningstar (weapon)
   (You took it off an orc on level 3 of the Dungeon)
Armour
 o - a +0 chain mail (worn)
   (You found it on level 2 of the Dungeon)
 r - a scarf of resistance (worn)
   (You found it on level 3 of the Dungeon)
Jewellery
 c - an amulet of magic regeneration (around neck)
   (You found it on level 2 of the Dungeon)
 w - a +3 ring of dexterity (left hand)
   (You found it on level 4 of the Dungeon)
Scrolls
 h - a scroll of remove curse
 m - a scroll of fog
Potions
 b - 2 potions of might
 f - a potion of resistance {unknown}
 k - 3 potions of curing
 l - 2 potions of flight
 p - a potion of lignification {unknown}
 s - a potion of mutation {unknown}
 t - a potion of invisibility {unknown}
 x - a potion of haste
Comestibles
 a - 2 chunks of flesh
 e - 7 rations


   Skills:
 + Level 3.2 Fighting
 + Level 2.0 Short Blades
 + Level 2.0 Long Blades
 + Level 2.0 Axes
 + Level 6.8 Maces & Flails
 + Level 2.0 Polearms
 + Level 2.0 Staves
 + Level 2.0 Slings
 + Level 2.0 Bows
 + Level 2.0 Crossbows
 + Level 2.0 Throwing
 + Level 3.2 Armour
 + Level 2.0 Dodging
 + Level 2.0 Stealth
 + Level 3.2 Shields
 + Level 2.0 Unarmed Combat
 + Level 5.3 Spellcasting
 + Level 1.5 Conjurations
 + Level 1.5 Hexes
 + Level 1.5 Charms
 + Level 1.5 Summonings
 + Level 1.5 Necromancy
 + Level 2.6 Translocations
 + Level 1.5 Transmutations
 + Level 1.5 Fire Magic
 + Level 1.5 Ice Magic
 + Level 1.5 Air Magic
 + Level 1.5 Earth Magic
 + Level 1.5 Poison Magic
 + Level 2.1 Invocations
 + Level 3.2 Evocations


You had 15 spell levels left.
You didn't know any spells.
Your spell library contained the following spells:

 Spells                   Type           Power        Failure   Level  Hunger
 Beastly Appendage        Tmut           #.....       88%         1    None
 Ignite Poison            Fire/Tmut/Pois #.......     99%         3    ###....


Dungeon Overview and Level Annotations

Branches:
Dungeon (5/15)
 Temple: D:4-7

Altars:


Innate Abilities, Weirdness & Mutations

Your experience applies equally to all skills.
You have very sharp teeth.
Your uncanny sense of smell can sniff out nearby items.


Message History

The jackal skeleton bites you but does no damage.
The phantom blinks!
The jackal skeleton bites you but does no damage.
You hit the jackal skeleton.
The jackal skeleton bites you but does no damage.
You barely miss the jackal skeleton.
The jackal skeleton bites you but does no damage.
You puncture the jackal skeleton!
You destroy the jackal skeleton!
The phantom blinks!
The phantom blinks!
The phantom blinks!
An orc comes into view. It is wielding a +0 falchion.
The orc shouts!
The orc throws a boomerang.
The boomerang hits you but does no damage.
The weapon returns to the orc!
The phantom blinks!
The orc throws a boomerang.
The boomerang hits you but does no damage.
The weapon returns to the orc!
The orc throws a boomerang.
The boomerang hits you but does no damage.
The weapon returns to the orc!
Your chain mail prevents you from hitting the phantom.
The phantom hits you but does no damage. x2
An ogre comes into view. It is wielding a +0 giant club.
The ogre shouts!
You sock the phantom! The phantom barely misses you.
You puncture the phantom! The phantom hits you.
You closely miss the phantom. The phantom barely misses you.
You hit the phantom.
The phantom hits you but does no damage.
Your chain mail prevents you from hitting the phantom.
The phantom completely misses you.
You barely miss the phantom. You bite the phantom, but do no damage.
The phantom hits you.
The phantom blinks!
You barely miss the ogre. The ogre barely misses you.
The orc throws a boomerang.
The boomerang hits you but does no damage.
The weapon returns to the orc!
The phantom blinks!
You puncture the ogre! You bite the ogre. The ogre barely misses you.
The phantom blinks!
You sock the ogre!
The ogre hits you with a +0 giant club!!
* * * LOW HITPOINT WARNING * * *
The phantom blinks!
The orc hits you but does no damage.
You barely miss the ogre.
The phantom blinks!
The ogre hits you with a +0 giant club!!
Ouch! That really hurt!
You die...

.....#.................
.....'.......(.....# ..
.....#............§# ...
#....########.....##....
#######....##.....##....
#.......$..........
#..................
#...........O......
......###..@W###...
###### ####o# ### ∆ ...
..... ....... .......
....... +####..


You could see a phantom, an ogre and an orc.

Vanquished Creatures
  A crimson imp (D:5)
  2 orc wizards (D:4)
  2 orc priests (D:4)
  A worker ant (D:5)
  A hound skeleton (D:4)
  3 adders
  An ooze (D:1)
  4 worms
  3 dart slugs
  2 leopard geckos
  15 orcs
  A ball python (D:3)
  4 bats
  5 giant cockroaches
  5 goblins
  2 hobgoblins
  11 jackals
  11 frilled lizards
  A jackal skeleton (D:5)
  3 kobolds
  3 rats
81 creatures vanquished.

Notes
Turn   | Place    | Note
-------+----------+-------------------------------------------
     0 | D:1      | vurker the Gnoll Wanderer began the quest for the Orb.
     0 | D:1      | vurker set off with the following items: a +2 mace, a +0
                  | ring mail, a ration; and the following spell memorised:
                  | Beastly Appendage; and the following spells available to
                  | memorise: Ignite Poison
     0 | D:1      | Reached XP level 1. HP: 17/17 MP: 6/6
    77 | D:1      | Reached XP level 2. HP: 23/23 MP: 7/7
   632 | D:2      | Reached skill level 5 in Spellcasting
   632 | D:2      | Reached XP level 3. HP: 23/28 MP: 7/9
   988 | D:2      | Reached skill level 1 in Invocations
  1506 | D:2      | Reached skill level 1 in Short Blades
  1506 | D:2      | Reached skill level 1 in Long Blades
  1506 | D:2      | Reached skill level 1 in Axes
  1506 | D:2      | Reached skill level 1 in Polearms
  1506 | D:2      | Reached skill level 1 in Staves
  1506 | D:2      | Reached skill level 1 in Slings
  1506 | D:2      | Reached skill level 1 in Bows
  1506 | D:2      | Reached skill level 1 in Crossbows
  1506 | D:2      | Reached skill level 1 in Throwing
  1506 | D:2      | Reached skill level 1 in Dodging
  1506 | D:2      | Reached skill level 1 in Stealth
  1506 | D:2      | Reached skill level 1 in Unarmed Combat
  1867 | D:3      | You fall into a shaft and drop 1 floor!
  1918 | D:3      | Reached XP level 4. HP: 33/34 MP: 11/11
  2695 | D:3      | Reached skill level 1 in Conjurations
  2695 | D:3      | Reached skill level 1 in Hexes
  2695 | D:3      | Reached skill level 1 in Charms
  2695 | D:3      | Reached skill level 1 in Summonings
  2695 | D:3      | Reached skill level 1 in Necromancy
  2695 | D:3      | Reached skill level 1 in Transmutations
  2695 | D:3      | Reached skill level 1 in Fire Magic
  2695 | D:3      | Reached skill level 1 in Ice Magic
  2695 | D:3      | Reached skill level 1 in Air Magic
  2695 | D:3      | Reached skill level 1 in Earth Magic
  2695 | D:3      | Reached skill level 1 in Poison Magic
  3103 | D:4      | Reached XP level 5. HP: 32/40 MP: 12/12
  3437 | D:4      | Reached XP level 6. HP: 47/47 MP: 13/13
  3782 | D:5      | Entered Level 5 of the Dungeon
  3951 | D:5      | Noticed a phantom
  3988 | D:5      | Slain by an ogre

Levels and vault maps discovered:
D:1:      evilmike_arrival_fibonacci_small, layout_rooms, serial_forest,
          infiniplex_forest_straight_4, infiniplex_forest_clump_double,
          infiniplex_forest_lined_room_3, infiniplex_forest_clump_medium,
          infiniplex_forest_lined_corner, infiniplex_forest_lined_room_
D:2:      layout_loops_corners
D:3:      layout_basic, first_ration
D:4:      layout_basic, hangedman_abyss_or_decor_lesser_grid
D:5:      layout_gridville, temple_doors_e

Skill      XL: |  1  2  3  4  5  6 |
---------------+-------------------+-----
Translocations | 2 |  2.6
Spellcasting   | 5 |  5.3
Invocations    | 1 2 |  2.1
Short Blades   | 1 2 |  2.0
Long Blades    | 1 2 |  2.0
Axes           | 1 2 |  2.0
Polearms       | 1 2 |  2.0
Staves         | 1 2 |  2.0
Slings         | 1 2 |  2.0
Bows           | 1 2 |  2.0
Crossbows      | 1 2 |  2.0
Throwing       | 1 2 |  2.0
Dodging        | 1 2 |  2.0
Stealth        | 1 2 |  2.0
Unarmed Combat | 1 2 |  2.0
Conjurations   | 1 |  1.5
Hexes          | 1 |  1.5
Charms         | 1 |  1.5
Summonings     | 1 |  1.5
Necromancy     | 1 |  1.5
Transmutations | 1 |  1.5
Fire Magic     | 1 |  1.5
Ice Magic      | 1 |  1.5
Air Magic      | 1 |  1.5
Earth Magic    | 1 |  1.5
Poison Magic   | 1 |  1.5
Fighting       | 3 |  3.2
Armour         | 3 |  3.2
Shields        | 3 |  3.2
Evocations     | 3 |  3.2
Maces & Flails | |  6.8

Action                   |  1- 3 |  4- 6 || total
-------------------------+-------+-------++-------
Melee: Mace              |    97 |    47 ||   144
       Bite              |     3 |    16 ||    19
       Morningstar       |       |   134 ||   134
       Punch             |       |     1 ||     1
  Use: Scroll            |       |    12 ||    12
 Stab: Sleeping          |     1 |       ||     1
  Eat: Chunk             |     3 |     7 ||    10
Armor: Ring mail         |    24 |       ||    24
       Chain mail        |    18 |   119 ||   137
Dodge: Dodged            |    38 |    60 ||    98
